 Dungeon Crawl Stone Soup version 0.15.0-34-g666c3a1 (webtiles) character file.

2808 Johnny the Gusty (level 9, -20/72 HPs)
             Began as a Demigod Air Elementalist on Sept 14, 2014.
             Demolished by an iron golem (30 damage)
             ... on Level 8 of the Dungeon on Sept 15, 2014.
             The game lasted 00:41:18 (11881 turns).

Johnny the Gusty (Demigod Air Elementalist)        Turns: 11881, Time: 00:41:19

HP -20/72        AC  9     Str 11      XL: 9   Next: 21%
MP  16/33        EV 10     Int 24      God:
Gold 272         SH  0     Dex 18      Spells:  4 memorised,  7 levels left

rFire  . . .     SeeInvis .     q - +0 cutlass (venom)
rCold  . . .     Clarity  .     p - +0 ring mail
rNeg   . . .     rCorr    .     (no shield)
rPois  .         rRot     .     y - +1 helmet
rElec  .         Spirit   .     (no cloak)
SustAb .         Warding  .     i - +0 pair of gloves
rMut   +         Stasis   .     (no boots)
Gourm  .                        H - amulet of resist mutation
MR     .....                    (no ring)
                                G - ring of magical power

@: very slightly contaminated, not resistant to hostile enchantments, unstealthy
A: no striking features
a: no special abilities


You were on level 8 of the Dungeon.
You were not hungry.

You visited 1 branch of the dungeon, and saw 8 of its levels.

You collected 272 gold pieces.

Inventory:

Hand weapons
 d - a +0 dagger
 g - a +0 quarterstaff of pain
 l - a +1 whip of venom
 o - a +1 whip of electrocution
 q - a +0 cutlass of venom (weapon)
 A - a cursed -2 dire flail
Armour
 i - a +0 pair of gloves (worn)
 p - a +0 ring mail (worn)
 y - a +1 helmet (worn)
Magical devices
 v - a wand of digging (4)
 I - a wand of heal wounds (4)
Comestibles
 c - 5 bread rations
 s - 2 fruits
 x - 5 meat rations
 J - a beef jerky
Scrolls
 e - 2 scrolls of random uselessness
 h - a scroll of immolation
 k - 7 scrolls of teleportation
 n - a scroll of enchant armour
 t - a scroll of holy word
 u - 2 scrolls of magic mapping
 B - 5 scrolls of remove curse
 D - 2 scrolls of enchant weapon {unknown}
 E - a scroll of recharging {unknown}
 K - a scroll of fear {unknown}
Jewellery
 G - a ring of magical power (left hand)
 H - an amulet of resist mutation (around neck)
Potions
 a - a potion of restore abilities
 f - a potion of cure mutation
 j - a potion of resistance
 m - 3 potions of brilliance
 r - a potion of heal wounds
 w - a potion of flight {unknown}
 z - a potion of haste {unknown}
 C - 3 potions of confusion
 F - a potion of agility {unknown}
Books
 b - a book of Air

   Spells                             Type                      Level
   *Shock                             Conjuration/Air              1
   Swiftness                          Charms/Air                   2
   *Repel Missiles                    Charms/Air                   2
   Flight                             Charms/Air                   3
   *Static Discharge                  Conjuration/Air              3
   *Lightning Bolt                    Conjuration/Air              5


   Skills:
 * Level 4.6 Fighting
 + Level 3.5 Armour
 * Level 4.5 Dodging
 + Level 4.1 Stealth
 * Level 5.2 Spellcasting
 + Level 3.2 Conjurations
 + Level 2.7 Charms
 * Level 5.4 Air Magic


You had 7 spell levels left.
You knew the following spells:

 Your Spells              Type           Power        Failure   Level  Hunger
a - Shock                 Conj/Air       ####         1%          1    None
b - Static Discharge      Conj/Air       ####....     10%         3    ##.....
c - Repel Missiles        Chrm/Air       ####..       4%          2    None
d - Lightning Bolt        Conj/Air       ####......   67%         5    #####..


Dungeon Overview and Level Annotations

Branches:
Dungeon (8/15)             Temple (0/1) D:6
   Lair: D:8-11

Shops:
D:4 (

Annotations:
D:4 Pikel


Message History

Confirm with . or Enter, or press ? or * to list all spells.
You miscast Static Discharge.
You are very lightly contaminated with residual magic.
Your hair stands on end.
The iron golem hits you!!
Unknown command.
Casting: Static Discharge
Confirm with . or Enter, or press ? or * to list all spells.
The air around you crackles with electrical energy.
Casting: Static Discharge
Confirm with . or Enter, or press ? or * to list all spells.
The air around you crackles with electrical energy.
The iron golem hits you!!
Unknown command.
Casting: Static Discharge
Confirm with . or Enter, or press ? or * to list all spells.
The air around you crackles with electrical energy.
The iron golem hits you!!
* * * LOW HITPOINT WARNING * * *
The iron golem hits you!!
You die...

###############
#<.......)....#
#.............#
#..#########..#
#..#.......#..#
#..#.......#..#
#..#..%$(.8#..#
#.....$}$.8@..#
#..#..$$%.8#..#
#..#....8..#..#
#.......#..#
#########..#
...# ..># ####


You could see 4 iron golems.

Vanquished Creatures
  A hippogriff (D:7)
  Edmund (D:4)
  An orc warrior (D:7)
  2 sky beasts (D:7)
  3 ogres
  3 slaves (D:4)
  2 centaurs
  Blork the orc (D:7)
  2 giant frogs
  A gnoll sergeant (D:6)
  3 scorpions
  6 killer bees (D:7)
  2 electric eels (D:7)
  A goliath beetle (D:6)
  A crimson imp (D:6)
  A giant frog zombie (D:6)
  3 orc priests
  3 iguanas
  6 hounds
  6 worker ants
  3 orc wizards
  An ogre skeleton (D:7)
  14 adders
  A shadow imp (D:6)
  A giant mite (D:4)
  13 gnolls
  2 worms (D:2)
  An adder skeleton (D:7)
  6 giant geckos
  5 oozes
  17 orcs
  11 hobgoblins
  7 jackals
  18 kobolds
  5 quokkas
  3 ball pythons
  10 bats
  9 giant cockroaches
  A giant newt (D:2)
  A giant newt zombie (D:5)
  19 goblins
  A goblin skeleton (D:4)
  A hobgoblin zombie (D:6)
  15 rats
  A rat zombie (D:6)
  A ballistomycete (D:7)
216 creatures vanquished.

Vanquished Creatures (others)
  A giant spore (D:7)
1 creature vanquished.

Grand Total: 217 creatures vanquished

Notes
Turn   | Place    | Note
--------------------------------------------------------------
     0 | D:1      | Johnny, the Demigod Air Elementalist, began the quest for the Orb.
     0 | D:1      | Reached XP level 1. HP: 14/14 MP: 3/3
   356 | D:1      | Reached skill level 1 in Conjurations
   641 | D:1      | Reached XP level 2. HP: 17/22 MP: 0/4
  1742 | D:2      | Reached skill level 1 in Fighting
  1780 | D:2      | Reached XP level 3. HP: 8/28 MP: 4/8
  1975 | D:2      | Learned a level 3 spell: Static Discharge
  2685 | D:2      | Reached XP level 4. HP: 30/35 MP: 6/11
  3100 | D:3      | Reached skill level 3 in Air Magic
  3557 | D:3      | Reached skill level 1 in Armour
  3895 | D:3      | Found an iron altar of Okawaru.
  3903 | D:3      | Reached XP level 5. HP: 37/41 MP: 7/13
  4647 | D:4      | Noticed Edmund
  4679 | D:4      | Killed Edmund
  4679 | D:4      | Reached XP level 6. HP: 34/50 MP: 3/17
  4992 | D:4      | Found Maptea's Weapon Emporium.
  5200 | D:4      | Noticed a slave
  5201 | D:4      | Noticed a slave
  5202 | D:4      | Noticed Pikel
  5217 | D:4      | Killed a slave
  5223 | D:4      | Killed a slave
  5398 | D:4      | Noticed a slave
  5415 | D:4      | Killed a slave
  5437 | D:5      | Entered Level 5 of the Dungeon
  5438 | D:5      | HP: 2/50 [centaur/arrow (7)]
  5821 | D:5      | Reached XP level 7. HP: 54/56 MP: 14/19
  6339 | D:5      | Found a blossoming altar of Fedhas.
  6710 | D:6      | Learned a level 2 spell: Repel Missiles
  6716 | D:6      | Learned a level 5 spell: Lightning Bolt
  6781 | D:6      | Reached skill level 4 in Air Magic
  6835 | D:6      | Found a staircase to the Ecumenical Temple.
  7741 | D:6      | Found a bloodstained altar of Trog.
  7771 | D:6      | Reached skill level 1 in Charms
  7771 | D:6      | Reached XP level 8. HP: 23/63 MP: 8/21
  9711 | D:7      | Noticed Blork the orc
  9732 | D:7      | Killed Blork the orc
 10249 | D:7      | Reached skill level 5 in Air Magic
 10357 | D:7      | Reached skill level 5 in Spellcasting
 10450 | D:7      | Reached XP level 9. HP: 23/72 MP: 17/24
 11873 | D:8      | Noticed an iron golem
 11873 | D:8      | Noticed an iron golem
 11873 | D:8      | Noticed an iron golem
 11873 | D:8      | Noticed an iron golem
 11881 | D:8      | Demolished by an iron golem

Action                   |  1- 3 |  4- 6 |  7- 9 || total
-------------------------+-------+-------+-------++-------
Melee: Dagger            |     6 |       |       ||     6
       Unarmed           |     4 |       |       ||     4
       Whip              |    29 |       |       ||    29
       Cutlass           |    58 |   120 |   217 ||   395
 Cast: Shock             |    44 |   107 |   150 ||   301
       Static Discharge  |     2 |    16 |    71 ||    89
Evoke: Wand              |       |       |     1 ||     1
  Use: Scroll            |     4 |     2 |     7 ||    13
       Potion            |       |     2 |     1 ||     3
 Stab: Sleeping          |     1 |     1 |     1 ||     3
  Eat: Chunk             |     6 |     9 |    17 ||    32
       Fruit             |       |     1 |     3 ||     4
       Pizza             |       |     1 |       ||     1
       Bread ration      |       |       |     1 ||     1
